[Event "*** Titled Tuesday Blitz"]
[Site "Chess.com"]
[Date "2020.11.10"]
[Round "4"]
[White "kuli4ik"]
[Black "Lion-Al-Messi"]
[Result "1-0"]
[WhiteElo "2858"]
[BlackElo "2557"]
[TimeControl "180+1"]
[EndTime "10:41:40 PST"]
[Termination "kuli4ik won on time"]

1. e4 b6 2. d4 Bb7 3. Bd3 e6 4. Nf3 c5 5. c3 Nf6 6. Qe2 Be7 7. O-O Nc6 8. a3 Na5 9. Nbd2 c4 10. Bc2 Qc7 11.
Re1 d6 12. e5 Nd5 13. Ne4 O-O-O 14. exd6 Bxd6 15. Nxd6+ Qxd6 16. Ne5 Rdf8 17. Nxc4 Nxc4 18. Qxc4+ Kb8 19. Qd3 g5 20. g3 Rfg8 21. Qe2 Ka8 22. Be4 h5 23. c4 Nf4 24. gxf4 gxf4+ 25. Kf1 f3 26. Bxb7+ Kxb7 27. Qxf3+ Ka6 28. Be3 Qxh2 29. b4 Qg1+ 30. Ke2 Qg4 31. Qxg4 hxg4 32. Rh1 f5 33. Bf4 Rd8 34. Be5 Rhf8 35. Rh7 Rc8 36. b5+ 1-0

[Event "*** Titled Tuesday Blitz"]
[Site "Chess.com"]
[Date "2020.11.10"]
[Round "4"]
[White "IceBelka"]
[Black "Oglob71"]
[Result "1-0"]
[WhiteElo "2307"]
[BlackElo "2443"]
[TimeControl "180+1"]
[EndTime "10:41:40 PST"]
[Termination "IceBelka won by checkmate"]

1. e4 c5 2. Nf3 e6 3. d4 cxd4 4.
Nxd4 a6 5. Bd3 Qb6 6. Be3 Qxb2 7. Nd2 Qc3 8. O-O Qc7 9. f4 d6 10. e5 Nc6 11. Nc4 d5 12. Nd6+ Bxd6 13. exd6 Qxd6 14. Qg4 Kf8 15. Nb3 Nf6 16. Qh4 d4 17. Bd2 Kg8 18.
Rae1 b5 19. Rf3 h5 20. Rg3 Kf8 21. Rg5 Ne7 22. Nc5 Nf5 23. Bxf5 exf5 24. Bb4 Kg8 25. Nd3 Qb6 26. Re7 Be6 27. Rxg7+ Kxg7 28. Qg5+ Kh7 29. Qxf6 Rhg8 30. Rxf7+ Bxf7 31. Qxb6 Rg7 32. Qxd4 Rag8 33. Ne1 Bxa2 34. Qf6 Rf7 35. Qh4 Kh6 36. Nf3 Rg4 37. Qd8 Rfg7 38. Bf8 Rxg2+ 39. Kh1 Kh7 40.
Bxg7 Rxg7 41. Ng5+ Rxg5 42. Qxg5 Bd5+ 43. Kg1 Be4 44.
Qxh5+ Kg7 45. Qg5+ Kf7 46. h4 a5 47. h5 a4 48. h6 a3 49. h7 a2 50. h8=Q Ke6 51. Qe5+ Kd7 52. Qgg7+ Kc6 53. Qec7+ Kd5 54. Qge5# 1-0

[Event "*** Titled Tuesday Blitz"]
[Site "Chess.com"]
[Date "2020.11.10"]
[Round "4"]
[White "Stalri"]
[Black "maxip32"]
[Result "0-1"]
[WhiteElo "2190"]
[BlackElo "2408"]
[TimeControl "180+1"]
[EndTime "10:41:40 PST"]
[Termination "maxip32 won by resignation"]

1. d4 Nf6 2. c4 g6 3. Nc3 Bg7 4. f3 O-O 5. e4 d6 6. Be3 Nc6 7. Qd2 a6 8. Nge2 Na5 9. Nc1 Nd7 10. Be2 c5 11. dxc5 dxc5 12. Nb3 Nxb3 13. axb3 b6 14. h4 Ne5 15. Qc2 Nc6 16. Rd1 Nd4 17. Qb1 h5 18. Nd5 e6 19. Nf4 Qc7 20. g4 hxg4 21.
fxg4 Be5 22. Nd3 Bb7 23. Nxe5 Qxe5 24. Bxd4 cxd4 25. Bf3 f5 26. gxf5 exf5 27. Rg1 Rf6 28. Rg5 Qh2 29. Rg2 Qxh4+ 30. Kd2 Qf4+ 31. Kc2 Bxe4+ 32. Bxe4 Qxe4+ 33. Kc1 Qxg2 34. Rxd4 Re8 35. Qd3 Re1+ 0-1

[Event "*** Titled Tuesday Blitz"]
[Site "Chess.com"]
[Date "2020.11.10"]
[Round "4"]
[White "Kotofeyca"]
[Black "Korchmar_Vasiliy"]
[Result "0-1"]
[WhiteElo "2373"]
[BlackElo "2618"]
[TimeControl "180+1"]
[EndTime "10:41:41 PST"]
[Termination "Korchmar_Vasiliy won on time"]

1. d4 Nf6 2. c4 c6 3. Nc3 d5 4. cxd5 cxd5 5. Bf4 Nc6 6. e3 Bg4 7. f3 Bd7 8. Bd3 e6 9. Nge2 Be7 10. O-O O-O 11. Rc1 Rc8 12. Na4 Qa5 13. Nac3 a6 14. a3 b5 15. Qd2 Qb6 16. Rc2 Na5 17. Rfc1 Nb3 18. Qd1 Nxc1 19. Qxc1 a5 20. h3 b4 21.
axb4 axb4 22. Nb1 Rxc2 23. Qxc2 Rc8 24. Qd1 Bb5 25. Kh2 Qa6 26. Bxb5 Qxb5 27. Nc1 Qc4 28. Nd3 Qc2 29. Qf1 Ra8 30. Ne5 Ra1 31. Qb5 Qxb1 32.
Qb8+ Bf8 33. Nc6 Nd7 34. Qe8 Qh1+ 35. Kg3 Rg1 0-1

[Event "*** Titled Tuesday Blitz"]
[Site "Chess.com"]
[Date "2020.11.10"]
[Round "4"]
[White "lider34"]
[Black "CzechmVIII"]
[Result "1-0"]
[WhiteElo "2400"]
[BlackElo "2141"]
[TimeControl "180+1"]
[EndTime "10:41:41 PST"]
[Termination "lider34 won on time"]

1. e4 c5 2. c3 d5 3. exd5 Nf6 4. Qa4+ Nbd7 5. c4 b5 6. cxb5 Nxd5 7. Nf3 N7b6 8. Qd1 Nb4 9. Nc3 Bf5 10. d3 Bxd3 11. Bxd3 Nxd3+ 12. Ke2 c4 13. Be3 e6 14. b3 Bb4 15. bxc4 Bxc3 16. Qxd3 Qxd3+ 17. Kxd3 Bxa1 18. Rxa1 Rd8+ 19. Kc3 Rc8 20. Bxb6 axb6 21. a4 Ra8 22. Kb4 Ke7 23. Nd4 Kd6 24. Nc6 Rhc8 25. a5 Rxc6 26. Rd1+ Kc7 27. bxc6 bxa5+ 28. Kc5 a4 29.
Rd7+ Kc8 30. Rxf7 Rb8 31. Kd6 1-0

[Event "*** Titled Tuesday Blitz"]
[Site "Chess.com"]
[Date "2020.11.10"]
[Round "4"]
[White "talman67"]
[Black "124chess"]
[Result "1-0"]
[WhiteElo "2548"]
[BlackElo "2721"]
[TimeControl "180+1"]
[EndTime "10:41:42 PST"]
[Termination "talman67 won by resignation"]

1. e4 e6 2. d4 d5 3. Nc3 Bb4 4. e5 c5 5. a3 Bxc3+ 6. bxc3 Qa5 7. Bd2 Qa4 8. Qg4 Kf8 9. Nf3 Ne7 10. Bd3 c4 11. Be2 Qxc2 12. O-O Nbc6 13. a4 b6 14. Rfc1 Qf5 15. Qg3 Bd7 16. Bd1 Qg6 17. Qh3 h5 18.
Bc2 Qg4 19. Qh4 Qxh4 20. Nxh4 Nf5 21. Nxf5 exf5 22. Re1 Be6 23. Bc1 Ke8 24. Ba3 Kd7 25. Bd6 h4 26. Reb1 g6 27. a5 Nxa5 28. Rxa5 bxa5 29. Ba4+ Kd8 30. Rb7 f4 31. Kf1 h3 32.
g3 fxg3 33. fxg3 Rh5 34. Ke2 Rf5 35. Re7 Kc8 36. Bc6 1-0

[Event "*** Titled Tuesday Blitz"]
[Site "Chess.com"]
[Date "2020.11.10"]
[Round "4"]
[White "midedu"]
[Black "Nils_03"]
[Result "0-1"]
[WhiteElo "2072"]
[BlackElo "2246"]
[TimeControl "180+1"]
[EndTime "10:41:42 PST"]
[Termination "Nils_03 won on time"]

1. e4 e5 2. Nf3 Nc6 3. Bc4 Bc5 4. c3 Nf6 5. d3 d6 6. O-O a6 7. Nbd2 Ba7 8. Bb3 O-O 9. Re1 Ng4 10. Re2 Kh8 11. h3 f5 12. hxg4 fxg4 13. Ne1 Qh4 14. Nf1 Bxf2+ 15. Rxf2 Qxf2+ 16. Kh1 Qxf1+ 17. Kh2 Rf2 18. Be3 Rf6 19. Qd2 Bd7 20. Nc2 g3+ 21. Kxg3 Rg6+ 22.
Bg5 Qf4+ 23. Qxf4 exf4+ 24. Kxf4 Rf8+ 25. Ke3 Rxg5 26. Rg1 Ne5 27. d4 Ng4+ 28. Kd3 Nf2+ 29. Ke2 Nxe4 30. Ne3 Rf2+ 31. Kd3 Bc6 32. d5 Nc5+ 33.
Kc4 Bb5+ 34. Kb4 Rf4+ 35. Ka3 Re5 36. g3 Rfe4 37. Nc2 h6 38. Rf1 Bxf1 0-1

[Event "*** Titled Tuesday Blitz"]
[Site "Chess.com"]
[Date "2020.11.10"]
[Round "4"]
[White "zala02"]
[Black "guillembaches"]
[Result "0-1"]
[WhiteElo "2145"]
[BlackElo "2380"]
[TimeControl "180+1"]
[EndTime "10:41:43 PST"]
[Termination "guillembaches won by resignation"]

1. d4 Nf6 2. c4 e6 3. Nc3 Bb4 4. e3 O-O 5. Ne2 c6 6. a3 Ba5 7. c5 d5 8. cxd6 Qxd6 9. g3 e5 10. Bg2 exd4 11. Qxd4 Qxd4 12. Nxd4 c5 13. Ne2 Nc6 14.
O-O Be6 15. Nf4 Bb3 16. e4 Nd4 17. Be3 Ng4 18. Bxd4 cxd4 19. Ncd5 Ne5 20. Ne7+ Kh8 21. Nf5 d3 22. Nd4 Bc2 23. Nxc2 dxc2 24. Rfc1 Rac8 25. b4 Bb6 26. Ra2 Rfd8 27. Raxc2 Rxc2 28. Rxc2 Rd1+ 29. Bf1 Nf3+ 30. Kg2 Ne1+ 31. Kg1 Nxc2 0-1

[Event "*** Titled Tuesday Blitz"]
[Site "Chess.com"]
[Date "2020.11.10"]
[Round "4"]
[White "baki83"]
[Black "Stormeman100100"]
[Result "0-1"]
[WhiteElo "2751"]
[BlackElo "2553"]
[TimeControl "180+1"]
[EndTime "10:41:44 PST"]
[Termination "Stormeman100100 won by resignation"]

1. e4 c5 2. Nf3 d6 3. Bb5+ Nd7 4. O-O a6 5. Bd3 Ngf6 6. Re1 g6 7. c3 Bg7 8. Bf1 O-O 9. d4 e5 10. dxc5 Nxc5 11. Qc2 Ncxe4 12. Rxe4 Bf5 13. Bd3 Bxe4 14. Bxe4 d5 15. Bd3 e4 16. Be2 exf3 17. Bxf3 Re8 18. Be3 Rc8 19. Qd1 Rxe3 20. fxe3 Qb6 21. Qe2 Bh6 22.
Kh1 Re8 23. Na3 Rxe3 24. Qf2 Qe6 25. Nc2 Rd3 26. Re1 Rd2 27. Qh4 Qf5 28. Nd4 Qg5 29.
Qh3 Rxb2 30. Qc8+ Kg7 31. Qc7 Qe3 32. Rf1 Bf4 33. Qc5 Rf2 34. Rb1 Qd3 35. Re1 Qf1+ 0-1

[Event "*** Titled Tuesday Blitz"]
[Site "Chess.com"]
[Date "2020.11.10"]
[Round "4"]
[White "GMJustin"]
[Black "cottage_cheese"]
[Result "0-1"]
[WhiteElo "2322"]
[BlackElo "2166"]
[TimeControl "180+1"]
[EndTime "10:41:44 PST"]
[Termination "cottage_cheese won on time"]

1. e4 e5 2. Nc3 Nf6 3. f4 d5 4. fxe5 Nxe4 5. Qf3 Nxc3 6. dxc3 Be7 7. Bf4 O-O 8. Bd3 Re8 9. O-O-O Be6 10. Kb1 c5 11. Bc4 Nc6 12. Bxd5 Qc8 13. Ne2 a5 14. c4 Rb8 15. Rhf1 Nb4 16. Bg3 b5 17. a3 bxc4 18. axb4 Rxb4 19. Bxe6 fxe6 0-1

[Event "*** Titled Tuesday Blitz"]
[Site "Chess.com"]
[Date "2020.11.10"]
[Round "4"]
[White "Pavlov_Sergey"]
[Black "TimofeevAr"]
[Result "0-1"]
[WhiteElo "2613"]
[BlackElo "2845"]
[TimeControl "180+1"]
[EndTime "10:41:45 PST"]
[Termination "TimofeevAr won by resignation"]

1. c4 c5 2. Nf3 Nc6 3. d4 cxd4 4. Nxd4 Qb6 5. Nb3 Nf6 6. Nc3 e6 7. a3 Be7 8. e4 O-O 9. Be3 Qc7 10. Be2 d6 11. Rc1 Qd7 12. O-O b6 13. Qd2 Bb7 14.
Rfd1 Rfd8 15. f3 Qe8 16. Nd4 Ne5 17. Ncb5 Qd7 18. b4 a6 19. Nc3 Rac8 20. Nb3 Nxc4 21.
Bxc4 Rxc4 22. Bxb6 Re8 23. Na5 Rcc8 24. e5 Nd5 25. Nxb7 Qxb7 26. Nxd5 exd5 27. Bd4 dxe5 28. Bxe5 Rxc1 29. Rxc1 Bf8 30. Bd4 Qb5 31. Kf2 h6 32. Rc3 Bd6 33. g3 a5 34. Bc5 axb4 35. axb4 Bxc5+ 36.
Rxc5 Qb6 37. g4 Qd6 38. Kg2 d4 39. Rc4 d3 40. Rc3 Re2+ 0-1

[Event "*** Titled Tuesday Blitz"]
[Site "Chess.com"]
[Date "2020.11.10"]
[Round "4"]
[White "zverr1"]
[Black "HouseOfDurin"]
[Result "1-0"]
[WhiteElo "2403"]
[BlackElo "2172"]
[TimeControl "180+1"]
[EndTime "10:41:45 PST"]
[Termination "zverr1 won on time"]

1. e4 c5 2. Nf3 Nc6 3. d4 cxd4 4. Nxd4 a6 5. c4 e5 6. Nf5 Nf6 7. Nc3 d6 8. Ne3 Be7 9. g3 O-O 10. Bg2 Nd4 11. O-O Be6 12. Ned5 Bxd5 13. exd5 b5 14. Qd3 Rb8 15. cxb5 Nxb5 16. Nxb5 axb5 17. f4 Nd7 18. b4 Bf6 19. Be4 g6 20. f5 Bg7 21. Be3 Qc7 22. Rfc1 Qb7 23. Rc6 Rfc8 24. Rac1 Bf8 25. fxg6 hxg6 26.
Bxg6 fxg6 27. Qxg6+ Bg7 28. Bh6 Nf8 29. Rxc8 Rxc8 30.
Rxc8 Qa7+ 31. Kg2 1-0

[Event "*** Titled Tuesday Blitz"]
[Site "Chess.com"]
[Date "2020.11.10"]
[Round "4"]
[White "VladimirPotkin"]
[Black "markberk"]
[Result "1-0"]
[WhiteElo "2654"]
[BlackElo "2440"]
[TimeControl "180+1"]
[EndTime "10:41:47 PST"]
[Termination "VladimirPotkin won on time"]

1. Nf3 Nf6 2. c4 e6 3. Nc3 d5 4. e3 Be7 5. b3 c5 6. cxd5 Nxd5 7. Bb2 Nxc3 8. Bxc3 Bf6 9. Qc2 Nc6 10. Rd1 O-O 11. h4 Bxc3 12. dxc3 Qf6 13. Ng5 g6 14. Ne4 Qe7 15. Bb5 e5 16. Nd6 Be6 17. Bxc6 bxc6 18.
h5 Rad8 19. Ne4 Rxd1+ 20. Qxd1 Rd8 21. Qf3 f5 22. hxg6 fxe4 23. Qxe4 h6 24. Rxh6 Qd7 25.
f3 1-0

[Event "*** Titled Tuesday Blitz"]
[Site "Chess.com"]
[Date "2020.11.10"]
[Round "4"]
[White "mr65"]
[Black "Boudicca64"]
[Result "1-0"]
[WhiteElo "2209"]
[BlackElo "1817"]
[TimeControl "180+1"]
[EndTime "10:41:47 PST"]
[Termination "mr65 won on time"]

1. e4 c5 2. d4 cxd4 3. c3 dxc3 4. Nxc3 e6 5. Nf3 Ne7 6. Bc4 a6 7. O-O Ng6 8. Qe2 b5 9. Bb3 Be7 10. e5 O-O 11. Ne4 f6 12. exf6 gxf6 13. Bh6 Re8 14. Rfd1 Qb6 15. Rac1 Nc6 16. Nd6 Bxd6 17. Rxd6 Qc7 18.
Rcd1 Nce5 19. Nxe5 fxe5 20. Qg4 Kh8 21. h4 Rg8 22.
Qg5 Qd8 23. Qxd8 Rxd8 24. Bxe6 Re8 25. Bf7 Re7 26. Bxg6 hxg6 27. Rxg6 Kh7 28. Rdd6 Bb7 29. Bg5 Rg7 30. Rh6+ Kg8 31. f3 Rc8 32. Bf6 1-0

[Event "*** Titled Tuesday Blitz"]
[Site "Chess.com"]
[Date "2020.11.10"]
[Round "4"]
[White "Ajedrez_con_German"]
[Black "ErikRonka"]
[Result "0-1"]
[WhiteElo "2533"]
[BlackElo "2401"]
[TimeControl "180+1"]
[EndTime "10:41:48 PST"]
[Termination "ErikRonka won by resignation"]

1. Nf3 d5 2. b3 Nf6 3. Bb2 Bg4 4. e3 Nbd7 5. Be2 e6 6. O-O Bd6 7. c4 c6 8. cxd5 cxd5 9. d3 O-O 10. Nc3 a6 11. a3 Qe7 12. b4 b5 13. Nd4 Bxe2 14.
Qxe2 Rfc8 15. Nb3 Rc7 16. Rfc1 Nb6 17. Rc2 Rac8 18. Rac1 e5 19. h3 h6 20. Nd1 Na4 21.
Ba1 Nd7 22. Nb2 Nab6 23. Rxc7 Rxc7 24. Rxc7 Bxc7 25. Qc2 Qd6 26. Na5 e4 27. g3 exd3 28. Nxd3 Nc4 29. Qc3 f6 30. Nf4 Nde5 31. Nxc4 dxc4 32.
Qd4 Nf3+ 0-1

[Event "*** Titled Tuesday Blitz"]
[Site "Chess.com"]
[Date "2020.11.10"]
[Round "4"]
[White "Love_craft"]
[Black "Zarikovs1999"]
[Result "0-1"]
[WhiteElo "2580"]
[BlackElo "2373"]
[TimeControl "180+1"]
[EndTime "10:41:48 PST"]
[Termination "Zarikovs1999 won by resignation"]

1. Nf3 Nf6 2. g3 d5 3. Bg2 e6 4. O-O Be7 5. d3 O-O 6. Nbd2 c5 7. e4 Nc6 8. e5 Nd7 9. Re1 Rb8 10. h4 Qc7 11. Qe2 b5 12. Nf1 Re8 13. Bf4 Bf8 14.
N1h2 Ba6 15. Ng4 b4 16. h5 h6 17. Kh2 Bb5 18. Qd2 Nd4 19. Nxd4 cxd4 20. Bxd5 exd5 21. e6 Bd6 22. Bxd6 Qxd6 23. exd7 Bxd7 24. f3 f5 25. Nf2 f4 26. g4 Qf6 27. Rxe8+ Rxe8 28. Nh3 Re3 29. Rg1 Rxf3 30. Qe1 Re3 31. Qf2 Qe5 32. Qxf4 Rxh3+ 33. Kg2 Qxf4 34. Kxh3 Qf3+ 35.
Rg3 Qf1+ 36. Kh4 Qf2 0-1

[Event "*** Titled Tuesday Blitz"]
[Site "Chess.com"]
[Date "2020.11.10"]
[Round "4"]
[White "canary2016"]
[Black "ecwinslow"]
[Result "1-0"]
[WhiteElo "2016"]
[BlackElo "2214"]
[TimeControl "180+1"]
[EndTime "10:41:48 PST"]
[Termination "canary2016 won by resignation"]

1. d4 Nf6 2. Bf4 g6 3. Nc3 d5 4. e3 Bg7 5. h4 h5 6. Nf3 O-O 7. Be2 c5 8. dxc5 Qa5 9. Qd2 Qxc5 10.
O-O-O Bf5 11. Nd4 Ne4 12. Nxe4 dxe4 13. Nb3 Qc8 14. Kb1 Nc6 15. Qc1 a5 16. Nd4 a4 17.
Nb5 Ra5 18. Nc7 e5 19. Bxe5 Bxe5 20. Nd5 Be6 21. Nb6 Qc7 22. Nc4 Bxc4 23. Bxc4 a3 24. Bb3 axb2 25. Qd2 Rd8 26. Qe2 Nb4 27. Rxd8+ Qxd8 28. Rd1 Qa8 29. Qc4 Nc6 30. Qxf7+ Kh8 31. Rd7 1-0

[Event "*** Titled Tuesday Blitz"]
[Site "Chess.com"]
[Date "2020.11.10"]
[Round "4"]
[White "mamonika"]
[Black "VladaSviridova"]
[Result "1-0"]
[WhiteElo "2025"]
[BlackElo "2245"]
[TimeControl "180+1"]
[EndTime "10:41:49 PST"]
[Termination "mamonika won by resignation"]

1. d4 d5 2. c4 c6 3. cxd5 cxd5 4.
Nc3 Nf6 5. Bf4 Nc6 6. Nf3 a6 7. e3 Bf5 8. Bd3 Bxd3 9. Qxd3 e6 10. O-O Be7 11. Ne5 Rc8 12. Nxc6 Rxc6 13. f3 O-O 14. e4 Qb6 15. Rf2 Rd8 16. Rd1 h6 17. h3 a5 18. g4 Qa6 19. Nb5 Rdc8 20. a4 Ne8 21. exd5 exd5 22. Re2 Bf6 23. Qf5 Re6 24. Rde1 Rcc6 25. Qxd5 Qb6 26. Rxe6 Rxe6 27. Rxe6 fxe6 28. Qd7 Qc6 29. Qxc6 bxc6 30. Na7 Bxd4+ 31. Kf1 c5 32. Nc6 Bxb2 33. Nxa5 Nf6 34. Nc4 Bc3 35. Be3 Nd7 36. a5 Kf7 37. a6 Bd4 38. Bxd4 cxd4 39. a7 Nc5 40. a8=Q d3 41. Ke1 1-0

[Event "*** Titled Tuesday Blitz"]
[Site "Chess.com"]
[Date "2020.11.10"]
[Round "4"]
[White "Chessdreamer2020"]
[Black "1977Ivan"]
[Result "1/2-1/2"]
[WhiteElo "2518"]
[BlackElo "2703"]
[TimeControl "180+1"]
[EndTime "10:41:50 PST"]
[Termination "Game drawn by repetition"]

1. e4 c5 2. Nf3 e6 3. b3 Nc6 4.
Bb5 Nge7 5. Bb2 a6 6. Bxc6 Nxc6 7.
O-O d5 8. exd5 exd5 9. Re1+ Be6 10. d4 Be7 11. dxc5 Bxc5 12. Bxg7 Rg8 13. Bd4 Nxd4 14. Nxd4 Qf6 15. c3 O-O-O 16. b4 Bb6 17. Na3 Bg4 18. Qd3 Qg5 19. Qg3 Bc7 20. Qe3 Qh5 21. g3 f5 22. Ne6 f4 23. Nxf4 Bxf4 24. Qxf4 Rdf8 25. Qe5 Qh3 26. Re3 Rxf2 27. Kxf2 Qxh2+ 28. Ke1 Rf8 29. Re2 Bxe2 30. Qxe2 Qg1+ 31. Kd2 Qxa1 32.
Qe6+ Kb8 33. Qd6+ Ka7 34. Qxf8 Qxa2+ 35. Nc2 d4 36. Qc5+ Kb8 37. Qxd4 Qe6 38. g4 Qh6+ 39.
Ne3 Qh2+ 40. Kd3 Qh1 41. Qd8+ Ka7 42. Qd4+ Kb8 43. Kc4 Qc6+ 44. Kd3 Qh1 1/2-1/2

[Event "*** Titled Tuesday Blitz"]
[Site "Chess.com"]
[Date "2020.11.10"]
[Round "4"]
[White "giantslayer83"]
[Black "keepitcoming"]
[Result "1-0"]
[WhiteElo "2707"]
[BlackElo "2506"]
[TimeControl "180+1"]
[EndTime "10:41:50 PST"]
[Termination "giantslayer83 won on time"]

1. d4 d5 2. Bf4 Nf6 3. e3 Bf5 4. Nf3 e6 5. c4 Bxb1 6. Rxb1 Bb4+ 7. Ke2 dxc4 8. Qa4+ Nc6 9. Ne5 Bd6 10. Nxc6 bxc6 11.
Qxc6+ Ke7 12. Bg5 h6 13. Bxf6+ gxf6 14. Qxc4 Rb8 15. g3 Rb4 16. Qc6 Qb8 17. b3 a5 18. Kf3 h5 19. Bc4 h4 20. Ke2 a4 21.
a3 Rb6 22. Qxa4 Qb7 23. b4 hxg3 24. fxg3 Bxg3 25. Kd3 f5 26. Qc2 Qe4+ 27. Kd2 Qg2+ 28. Kc3 Qxc2+ 29. Kxc2 Bxh2 30. a4 Rbb8 31. Kc3 Bd6 32.
Rxh8 Rxh8 33. a5 Kd7 34. a6 Ra8 35. Ra1 c6 36. b5 cxb5 37. Bxb5+ Kc7 38. Kd3 Kb6 39. Bc4 f4 40. Rb1+ Kc7 41. Rb7+ Kc6 42. exf4 Bxf4 43. Rxf7 Bc7 44. Re7 Kd6 45. Rxe6+ Kd7 46.
Rh6 Bd6 47. Bb5+ Kc7 48. d5 Ra7 49. Kc4 Kb6 50. Rxd6+ 1-0

[Event "*** Titled Tuesday Blitz"]
[Site "Chess.com"]
[Date "2020.11.10"]
[Round "4"]
[White "HanSchut"]
[Black "Pliukha_Mikhail"]
[Result "0-1"]
[WhiteElo "2215"]
[BlackElo "2486"]
[TimeControl "180+1"]
[EndTime "10:41:50 PST"]
[Termination "Pliukha_Mikhail won by resignation"]

1. e4 e5 2. Nf3 Nc6 3. Bc4 Bc5 4.
b4 Bxb4 5. c3 Bc5 6. d4 exd4 7.
O-O d3 8. Qb3 Qe7 9. Nbd2 Na5 10. Qa4 Nxc4 11. Qxc4 d6 12. a4 Be6 13. Qb5+ c6 14.
Qxd3 Nf6 15. e5 dxe5 16. Nxe5 O-O 17. Ndf3 Rad8 18. Qc2 Rfe8 19. Bg5 h6 20. Bh4 Qc7 21. Bxf6 gxf6 22. Nd3 Bf5 23. Rad1 Rd5 24. Nfe1 Qd6 25. c4 Rd4 26. Qc3 Bb4 27. c5 Qd7 28. Nxb4 Rxd1 29.
Qg3+ Bg6 30. h4 Rexe1 31. Rxe1 Rxe1+ 32. Kh2 h5 33. Nd3 Qxd3 0-1

[Event "*** Titled Tuesday Blitz"]
[Site "Chess.com"]
[Date "2020.11.10"]
[Round "4"]
[White "Evgeny81"]
[Black "Vsevolod_Ovchinnikov"]
[Result "1-0"]
[WhiteElo "2721"]
[BlackElo "2521"]
[TimeControl "180+1"]
[EndTime "10:41:51 PST"]
[Termination "Evgeny81 won on time"]

1. e4 e6 2. d4 d5 3. Nc3 Bb4 4. e5 c5 5. a3 Bxc3+ 6. bxc3 Ne7 7. Qg4 cxd4 8. Qxg7 Rg8 9. Qxh7 Qc7 10. Ne2 Nbc6 11. f4 dxc3 12. Qd3 d4 13. Nxd4 Nxd4 14. Qxd4 Bd7 15.
Rb1 Nf5 16. Qf2 Qc6 17. Rg1 Qe4+ 18. Qe2 Qd4 19. Rh1 Bc6 20. Rb4 Qd7 21. Kf2 O-O-O 22. Be3 Kb8 23. Rg1 Qe7 24. g3 Nxe3 25. Qxe3 Rd2+ 26. Be2 Rh8 27. h4 a5 28. Rb3 Rhd8 29.
Rxc3 Bb5 30. Re1 Qd7 31. Kg1 Bxe2 32. Rxe2 Rd1+ 33. Kh2 Qd5 34. Qf3 Qb5 35. Rb3 Qa6 36. Kh3 Rc1 37. Rd3 Rc8 38. Red2 R1xc2 39. Rxc2 Rxc2 40.
h5 Qb6 41. h6 1-0

[Event "*** Titled Tuesday Blitz"]
[Site "Chess.com"]
[Date "2020.11.10"]
[Round "4"]
[White "vugarrasulov"]
[Black "smartinusa"]
[Result "1-0"]
[WhiteElo "2875"]
[BlackElo "2634"]
[TimeControl "180+1"]
[EndTime "10:41:52 PST"]
[Termination "vugarrasulov won on time"]

1. e4 c5 2. Nf3 Nc6 3. Nc3 e5 4. Bc4 Be7 5. d3 Nf6 6. Nd2 O-O 7. Nf1 d6 8. Ne3 Be6 9. O-O Na5 10. Bd5 Rb8 11. a4 a6 12. Qf3 b5 13. axb5 axb5 14. Nf5 Bxf5 15. Qxf5 b4 16. Ne2 Nxd5 17. exd5 c4 18.
Be3 g6 19. Qf3 cxd3 20. cxd3 Nb3 21. Ra7 Bg5 22. Ng3 f5 23. Qd1 Bxe3 24. fxe3 Qb6 25. Re7 Qxe3+ 26. Kh1 Nd4 27. Qa4 Rf7 28. Rxf7 Kxf7 29.
Qd7+ Kg8 30. Qxd6 Re8 31. Qd7 Rf8 32. d6 Qxd3 33. Qe7 Nc6 34. Qe6+ Kh8 35. d7 Rd8 36.
Qxc6 Qxd7 37. Qf6+ Kg8 38. Qxe5 Qd3 39. Qe6+ Kg7 40.
Qe7+ Kg8 41. Re1 Rd7 42. Qxb4 Kg7 43. Qf4 Qd2 44. Qe5+ Kf7 45. h3 h5 46. Nf1 Qd5 47.
Qe8+ Kg7 48. b4 Re7 49. Qxe7+ 1-0

[Event "*** Titled Tuesday Blitz"]
[Site "Chess.com"]
[Date "2020.11.10"]
[Round "4"]
[White "Gogolev_Artemy"]
[Black "LyonBeast"]
[Result "0-1"]
[WhiteElo "2499"]
[BlackElo "3067"]
[TimeControl "180+1"]
[EndTime "10:41:52 PST"]
[Termination "LyonBeast won by resignation"]

1. Nf3 d5 2. c4 e6 3. g3 Nf6 4. Bg2 Be7 5. O-O O-O 6. d4 dxc4 7.
Qc2 a6 8. Qxc4 b5 9. Qc2 Bb7 10. Bg5 Nbd7 11. Bxf6 Nxf6 12. Nbd2 Rc8 13. Nb3 Be4 14. Qc1 Qd5 15. Rd1 Rfd8 16. Nh4 Qh5 17. Qe3 Bxg2 18. Kxg2 Ng4 19. Qf3 Bxh4 20. h3 Bxg3 21.
Qxg4 Qxg4 22. hxg4 Bd6 23. Rac1 Ra8 24. Na5 Kf8 25.
Rc6 Ke7 26. Rdc1 Kd7 27. e3 Rh8 28. e4 Bf4 29. R1c5 Ra7 30. Kf3 Bd6 31. Rc1 h5 32. e5 hxg4+ 33. Kxg4 Be7 34. R6c3 Bb4 35. Nc6 Bxc3 36. Nxa7 Bxd4 37. Rd1 c5 0-1

[Event "*** Titled Tuesday Blitz"]
[Site "Chess.com"]
[Date "2020.11.10"]
[Round "4"]
[White "grandcoach"]
[Black "H3nriqueTV"]
[Result "0-1"]
[WhiteElo "2092"]
[BlackElo "2274"]
[TimeControl "180+1"]
[EndTime "10:41:53 PST"]
[Termination "H3nriqueTV won on time"]

1. e4 c5 2. b4 d5 3. exd5 Qxd5 4.
Nc3 Qe5+ 5. Be2 cxb4 6. Nf3 Qc7 7. Nb5 Qb6 8. Bb2 Nf6 9. Be5 Na6 10. O-O Bd7 11. c4 e6 12. d4 Bxb5 13. cxb5 Nc7 14. a4 Ncd5 15. a5 Qd8 16. Rc1 Bd6 17. a6 bxa6 18.
bxa6 O-O 19. Qa4 Nc3 20. Qc2 h6 21. Bd3 Rc8 22. Qb3 Nfd5 23. Rfe1 Bxe5 24. Nxe5 Qd7 25.
h3 Qd8 26. Rc2 Qd6 27. Nc4 Qxa6 28. Ne5 Qb7 29. Ra1 Nf4 30. Bf1 Rfd8 0-1

[Event "*** Titled Tuesday Blitz"]
[Site "Chess.com"]
[Date "2020.11.10"]
[Round "4"]
[White "SergeyShtyka"]
[Black "TurboSteen"]
[Result "0-1"]
[WhiteElo "2367"]
[BlackElo "2042"]
[TimeControl "180+1"]
[EndTime "10:41:55 PST"]
[Termination "TurboSteen won on time"]

1. e4 e6 2. Nf3 d5 3. e5 c5 4. b4 c4 5. a3 f6 6. d3 fxe5 7. Nxe5 cxd3 8. Bxd3 Nf6 9. O-O Bd6 10. Ng4 O-O 11.
Bg5 e5 12. Nxf6+ gxf6 13. Bh6 Rf7 14. c4 d4 15. c5 Bc7 16. Bc4 Nc6 17. Nd2 Qe7 18.
Bxf7+ Qxf7 19. Ne4 Qg6 20. Qb3+ Kh8 21. b5 Na5 22.
Qf3 Qxh6 23. Nxf6 e4 24. Qh5 Qxf6 25. Qe8+ Kg7 26. Rae1 b6 27. c6 Bh3 28. Qxa8 Qf4 0-1

[Event "*** Titled Tuesday Blitz"]
[Site "Chess.com"]
[Date "2020.11.10"]
[Round "4"]
[White "Zq1"]
[Black "eljanov"]
[Result "1-0"]
[WhiteElo "2560"]
[BlackElo "2802"]
[TimeControl "180+1"]
[EndTime "10:41:56 PST"]
[Termination "Zq1 won on time"]

1. d4 Nf6 2. c4 e6 3. Nc3 Bb4 4. e3 O-O 5. Bd3 c5 6. Ne2 cxd4 7. exd4 d5 8. cxd5 Nxd5 9. O-O Nf6 10. Bc2 Nc6 11.
Qd3 Be7 12. a3 Re8 13. Rd1 g6 14. Qf3 Nd5 15. Bh6 Bf6 16. Ne4 Bg7 17. Bg5 f6 18. Be3 b6 19. Ba4 Bb7 20. Rac1 Rc8 21. Qg3 Bf8 22.
Nf4 a6 23. Bb3 Kf7 24. Qh3 h6 25. Bc2 Nxf4 26. Bxf4 g5 27. Qh5+ Ke7 28. Bd6+ Kd7 29. Qf7+ Be7 30. Bxe7 Qxe7 31. Nxf6+ Kd8 32. Qxe8+ Qxe8 33.
Nxe8 Kxe8 34. Be4 1-0

[Event "*** Titled Tuesday Blitz"]
[Site "Chess.com"]
[Date "2020.11.10"]
[Round "4"]
[White "sofaceindisguise"]
[Black "plumalka"]
[Result "1-0"]
[WhiteElo "2675"]
[BlackElo "2472"]
[TimeControl "180+1"]
[EndTime "10:41:56 PST"]
[Termination "sofaceindisguise won by resignation"]

1. d4 Nf6 2. Bg5 Ne4 3. Bf4 c5 4. f3 Qa5+ 5. c3 Nf6 6. d5 Qb6 7. b3 e6 8. e4 exd5 9. exd5 Bd6 10.
Be3 O-O 11. Nd2 Nxd5 12. Nc4 Qc6 13. Kf2 Nxe3 14. Nxe3 Bc7 15. Bc4 d6 16. Nd5 Re8 17.
a4 b6 18. Ne2 a6 19. Qd3 Be6 20. Nef4 Nd7 21. Nxe6 fxe6 22. Nxc7 Qxc7 23. Bxa6 Ne5 24.
Qe2 Qf7 25. Bb5 Rf8 26. Rhd1 Qh5 27. Kg1 d5 28. Re1 Rf5 29. f4 Qxe2 30. Rxe2 Ng4 31. Rxe6 Rxf4 32. Rae1 Raf8 33. h3 Nf6 34. Rxb6 Ne4 35.
Bc6 Nxc3 36. a5 d4 37. Rb7 d3 38. Rd7 Rd4 39. Ree7 Rxd7 40. Rxd7 Ne2+ 41. Kh2 Nd4 42. Bd5+ Kh8 43. Bf3 Nxb3 44. a6 c4 45. a7 Nc5 46.
Rc7 Ne6 47. Rb7 Nc7 48. Rxc7 d2 49. Rxc4 h5 50. Rd4 1-0